 Dungeon Crawl Stone Soup version 0.29-a0-297-g7659ce593d (webtiles) character file.

Game seed: 5950114840078556882

579 kae the Firebug (level 7, -9/40 HPs)
             Began as a Tengu Fire Elementalist on Mar 20, 2022.
             Was an Initiate of Vehumet.
             Mangled by an ogre
             ... wielding a +0 giant club
              (22 damage)
             ... on level 5 of the Dungeon.
             The game lasted 00:03:58 (6622 turns).

kae the Firebug (Tengu Fire Elementalist)           Turns: 6622, Time: 00:03:59

Health: -9/40      AC:  3    Str:  8    XL:     7   Next: 36%
Magic:  5/12       EV: 13    Int: 18    God:    Vehumet [......]
Gold:   92         SH:  6    Dex: 14    Spells: 3/12 levels left

rFire   . . .      SeeInvis .   f - +1 spear
rCold   . . .      Faith    .   k - +1 buckler
rNeg    + . .      Spirit   .   l - +0 leather armour
rPois   .          Reflect  .   (helmet restricted)
rElec   .          Harm     .   (no cloak)
rCorr   .          Rampage  .   (no gloves)
Will    .....                   (boots unavailable)
Stlth   ++........              (no amulet)
HPRegen 0.13/turn               e - ring of positive energy
MPRegen 0.13/turn               (no ring)

@: flying quickly and evasively, very slightly contaminated, quick
A: beak, talons 3, nimble flight
a: Renounce Religion


You were on level 5 of the Dungeon.
You worshipped Vehumet.
Vehumet was noncommittal.
You visited 2 branches of the dungeon, and saw 6 of its levels.

You collected 169 gold pieces.
You spent 77 gold pieces at shops.

Inventory:

Hand Weapons
 f - a +1 spear (weapon)
Armour
 a - a +0 robe
 k - a +1 buckler (worn)
 l - a +0 leather armour (worn)
Jewellery
 e - a ring of positive energy (left hand)
 o - an amulet of guardian spirit
 r - a ring of ice
Wands
 h - a wand of flame (13)
 p - a wand of iceblast (5)
Scrolls
 b - a scroll of blinking
 d - a scroll of identify
 m - a scroll of fear
 n - a scroll of amnesia
 q - a scroll of fog
 u - a scroll of teleportation {unknown}
Potions
 c - 2 potions of curing
 g - a potion of degeneration
 i - a potion of cancellation
 j - a potion of attraction
 s - a potion of heal wounds
 t - a potion of haste {unknown}


   Skills:
 + Level 2.8 Fighting
 - Level 2.1 Dodging
 - Level 2.0 Stealth
 * Level 3.0 Shields
 + Level 3.3 Spellcasting
 + Level 4.1 Conjurations
 * Level 5.8 Fire Magic


You had 3 spell levels left.
You knew the following spells:

 Your Spells              Type           Power      Damage    Failure   Level
a - Foxfire               Conj/Fire      80%        2x1d8     4%          1
b - Scorch                Fire           46%        2d7       4%          2
c - Conjure Flame         Conj/Fire      20%        6-21      12%         3
d - Inner Flame           Hex/Fire       13%        N/A       28%         3

Your spell library contained the following spells:

 Spells                   Type           Power      Damage    Failure   Level
 Sandblast                Erth           4%         2d4       30%         1
 Stone Arrow              Conj/Erth      20%        3d8       36%         3
 Passwall                 Tmut/Erth      1%         N/A       43%         2
 Flame Wave               Conj/Fire      20%        2d7       36%         4


Dungeon Overview and Level Annotations

Branches:
Dungeon (5/15)             Temple (1/1) D:4

Altars:
Ashenzari
Cheibriados
Dithmenos
Elyvilon
Fedhas
Gozag
Kikubaaqudgha
Makhleb
Nemelex Xobeh
Okawaru
Qazlal
Ru
Sif Muna
Trog
Uskayaw
Vehumet
Wu Jian
Xom
Yredelemnul
Zin
The Shining One

Shops:
D:4 *

Annotations:
D:2 Sigmund


Innate Abilities, Weirdness & Mutations

You have a beak for a mouth.
You have claws for feet.
Your magical nature lets you fly swiftly and evasively.


Message History

An orc comes into view. It is wielding a +0 falchion.
An orc is nearby!
An orc is nearby!
An orc is nearby!
Casting: Scorch (safe; 4% risk of failure)
Confirm with . or Enter, or press ? or * to list all spells.
You conjure some foxfire!
The orc shouts!
You hear a shout!
An ogre comes into view. It is wielding a +0 giant club.
You hear a croak.
Casting: Foxfire (safe; 4% risk of failure)
Confirm with . or Enter, or press ? or * to list all spells.
You conjure some foxfire!
The foxfire hits the orc.
The orc is almost dead.
The foxfire hits the orc.
You kill the orc!
Vehumet accepts your kill.
The foxfire hits the ogre.
The ogre is lightly wounded.
An ogre is nearby!
Casting: Foxfire (safe; 4% risk of failure)
Confirm with . or Enter, or press ? or * to list all spells.
Flames lash the ogre.
The ogre is heavily wounded.
The ogre's fire resistance burns away.
The foxfire hits the ogre.
The ogre is heavily wounded.
Casting: Scorch (safe; 4% risk of failure)
Confirm with . or Enter, or press ? or * to list all spells.
You miscast Scorch.
You are very lightly contaminated with residual magic.
Nothing appears to happen.
The ogre hits you with a +0 giant club!!
Ouch! That really hurt!
Casting: Scorch (safe; 4% risk of failure)
Confirm with . or Enter, or press ? or * to list all spells.
Flames lash the ogre.
The ogre is burned terribly!
The ogre is heavily wounded.
The ogre hits you with a +0 giant club!!
Ouch! That really hurt!
You die...

#..............
#.####.###.#...
####.####.##......
##......##.#.......
#.....#.##........#
#..####.######.#.##
#..# #.# #.#...
#..####.# #.####
#.@.....# ##'##
#O####### ##...##
#. ##.....## #.
#.......# #.
#......... #.
+...>..... #)
#......... #.
##.......#
##.....##


You could see an ogre (combustible).

Vanquished Creatures
  A necrophage (D:4)
  2 orc priests
  3 hounds (D:5)
  An iguana (D:5)
  4 orc wizards
  Robin (D:2)
  6 gnolls
  8 adders
  A white imp (D:5)
  A dart slug (D:1)
  6 orcs
  9 bats
  9 endoplasms
  6 giant cockroaches
  16 goblins
  11 hobgoblins
  2 quokkas (D:2)
  9 ball pythons
  2 frilled lizards
  7 kobolds
  3 rats
  A spectral kobold (D:2)
  A butterfly (D:3)
110 creatures vanquished.

Vanquished Creatures (others)
  277 foxfires
277 creatures vanquished.

Grand Total: 387 creatures vanquished

Notes
Turn   | Place    | Note
-------+----------+-------------------------------------------
     0 | D:1      | kae the Tengu Fire Elementalist began the quest for the
                  | Orb.
     0 | D:1      | Reached XP level 1. HP: 10/10 MP: 4/4
   337 | D:1      | Reached XP level 2. HP: 16/16 MP: 3/6
   807 | D:1      | Reached XP level 3. HP: 20/20 MP: 5/7
   809 | D:1      | Reached skill level 1 in Fighting
   816 | D:1      | Learned a level 2 spell: Scorch
   820 | D:1      | Learned a level 3 spell: Conjure Flame
   994 | D:2      | Reached skill level 4 in Fire Magic
  1448 | D:2      | Found a faded altar of an unknown god.
  1564 | D:2      | Reached XP level 4. HP: 23/25 MP: 4/8
  1574 | D:2      | Noticed Robin
  1589 | D:2      | Killed Robin
  2240 | D:2      | Found an ancient bone altar of Kikubaaqudgha.
  2363 | D:2      | Noticed Sigmund
  3294 | D:3      | Gained mutation: Your magical nature lets you fly swiftly
                  | and evasively. [Tengu growth]
  3294 | D:3      | Reached XP level 5. HP: 30/30 MP: 5/9
  3428 | D:3      | Found a shimmering altar of Xom.
  3510 | D:3      | Reached skill level 1 in Shields
  4052 | D:4      | Reached XP level 6. HP: 35/35 MP: 9/11
  4059 | D:4      | Reached skill level 5 in Fire Magic
  4334 | D:4      | Found Jefriym's General Store.
  4340 | D:4      | Bought a potion of heal wounds for 55 gold pieces
  4340 | D:4      | Bought a scroll of identify for 22 gold pieces
  4647 | D:4      | Noticed an orc warrior
  5026 | D:4      | Learned a level 3 spell: Inner Flame
  5079 | D:4      | Found a staircase to the Ecumenical Temple.
  5164 | Temple   | Entered the Ecumenical Temple
  5517 | Temple   | Became a worshipper of Vehumet
  5677 | D:5      | Entered Level 5 of the Dungeon
  5796 | D:5      | Reached XP level 7. HP: 40/40 MP: 1/12
  6622 | D:5      | Mangled by an ogre

Illustrated notes

Levels and vault maps discovered:
D:1:      dpeg_arrival_castle, layout_rooms, grunt_decor_clamped,
          minmay_tetromino_t4
D:2:      layout_basic, basic_altar, dreamdust_ecumenical_altar_drowned_temple,
          uniq_robin, uniq_sigmund
D:3:      layout_basic, xom_butterflies, grunt_ministairs_9
D:4:      layout_loops_cross, temple_green, serial_shops, shop
D:5:      layout_loops_corners, lexackson_kobold_supper, uniq_prince_ribbit1
Temple:   mainiacjoe_temple_cubbyholes

Skill      XL: |  1  2  3  4  5  6  7 |
---------------+----------------------+-----
Conjurations   | 2 3 4 |  4.1
Fighting       | 1 2 |  2.8
Fire Magic     | 4 5 |  5.8
Shields        | 1 2 3 |  3.0
Spellcasting   | 3 |  3.3
Dodging        | |  2.1
Stealth        | |  2.0

Action                   |  1- 3 |  4- 6 |  7- 9 || total
-------------------------+-------+-------+-------++-------
Melee: Spear             |    16 |    41 |       ||    57
       Kick              |     4 |     7 |       ||    11
       Peck              |     2 |     6 |       ||     8
 Cast: Foxfire           |    68 |    97 |    15 ||   180
       Scorch            |       |    14 |    12 ||    26
       Conjure Flame     |       |     1 |       ||     1
  Use: Scroll            |       |    11 |       ||    11
       Potion            |       |     3 |       ||     3
 Stab: Sleeping          |       |     2 |       ||     2
Armor: Robe              |     4 |       |       ||     4
       Leather armour    |       |     9 |       ||     9
Dodge: Dodged            |     9 |    33 |     3 ||    45
Block: Buckler           |       |     8 |       ||     8

Table legend: (Time is in decaauts)
 A = Elapsed time spent in this place.
 B = Non-inter-level travel time spent in this place.
 C = Inter-level travel time spent in this place.
 D = Time resting spent in this place.
 E = Time spent auto-exploring this place.
 F = Levels seen in this place.
 G = Mean time per level.
                   A        B        C        D        E       F      G
               +--------+--------+--------+--------+--------+-----+--------+
         Total |   6460 |   5988 |    472 |    170 |   5030 |   6 | 1076.7 |
       Dungeon |   6111 |   5724 |    387 |    170 |   4770 |   5 | 1222.2 |
        Temple |    348 |    264 |     84 |      0 |    260 |   1 |  348.0 |
               +--------+--------+--------+--------+--------+-----+--------+

Top non-repeatable levels by time:
     D:2: 2010 daAuts
     D:4: 1114 daAuts
     D:3: 1095 daAuts
     D:1: 1003 daAuts
     D:5: 887 daAuts
  Temple: 348 daAuts
